 Dungeon Crawl Stone Soup version 0.24-a0-312-g16217b4a02 (webtiles) character file.

Game seed: 7940985416332188499

37 HAL9000 the Sneak (level 3, 0/18 HPs)
             Began as a Vine Stalker Assassin on May 15, 2019.
             Slain by a bullfrog (2 damage)
             ... on level 2 of the Dungeon.
             The game lasted 00:01:34 (905 turns).

HAL9000 the Sneak (Vine Stalker Assassin)            Turns: 905, Time: 00:01:35

Health: 0/18       AC:  3    Str: 13    XL:     3   Next: 39%
Magic:  0/4        EV: 11    Int: 11    God:
Gold:   43         SH:  3    Dex: 16    Spells: 2/2 levels left

rFire    + . .     SeeInvis .   a - +2 dagger
rCold    . . .     Gourm    .   l - +0 buckler
rNeg     . . .     Faith    .   b - +0 robe
rPois    .         Spirit   +   (no helmet)
rElec    .         Reflect  .   c - +0 cloak
rCorr    .         Harm     .   (no gloves)
MR       .....                  (no boots)
Stlth    +++.......             (no amulet)
HPRegen  0.06/turn              h - ring of protection from fire
MPRegen  0.09/turn              (no ring)

@: no status effects
A: fangs 2, magic shield, antimagic bite, no potion heal 3, rot immunity
a: no special abilities


You were on level 2 of the Dungeon.
You were not hungry.

You visited 1 branch of the dungeon, and saw 2 of its levels.

You collected 43 gold pieces.

Inventory:

Hand Weapons
 a - a +2 dagger (weapon)
Missiles
 d - 8 poisoned darts (quivered)
Armour
 b - a +0 robe (worn)
 c - a +0 cloak (worn)
 l - a +0 buckler (worn)
Jewellery
 h - a ring of protection from fire (left hand)
Scrolls
 g - a scroll of random uselessness {unknown}
 i - 2 scrolls of identify {unknown}
 k - a scroll of immolation {unknown}
Comestibles
 f - 2 rations


   Skills:
 - Level 1.7 Fighting
 + Level 3.3 Short Blades
 - Level 1.7 Throwing
 - Level 0.7 Dodging
 - Level 4.8 Stealth


You had 2 spell levels left.
You didn't know any spells.
Your spell library was empty.

Dungeon Overview and Level Annotations

Branches:
Dungeon (2/15)

Altars:


Innate Abilities, Weirdness & Mutations

You have extremely sharp teeth.
When hurt, damage is shared between your health and your magic reserves.
Your bite disrupts and absorbs the magic of your enemies.
Potions cannot restore your health.
You are immune to rotting.


Message History

Quiver which item? (- for none, * to show all) (? for menu, Esc to quit)
Quivering
e - 2 curare-tipped darts for throwing.
Throwing (i - inventory. (/) - cycle)
e - 2 curare-tipped darts (quivered)
Press: ? - help, Shift-Dir - straight line, f - bullfrog
Aim: a bullfrog (moderately wounded)
You throw a curare-tipped dart.
The curare-tipped dart closely misses the bullfrog.
The curare-tipped dart closely misses the leopard gecko.
The bullfrog misses you. The bullfrog hits you.
* * * LOW HITPOINT WARNING * * *
Throwing (i - inventory. (/) - cycle)
e - a curare-tipped dart (quivered)
Press: ? - help, Shift-Dir - straight line, f/p - bullfrog
Aim: a bullfrog (moderately wounded)
You throw a curare-tipped dart.
The curare-tipped dart closely misses the bullfrog.
The curare-tipped dart hits the leopard gecko.
The leopard gecko is poisoned.
The leopard gecko convulses.
You kill the leopard gecko!
The bullfrog hits you.
You die...

#.##########.### ######
#.#............. #....#
#.#.####.#.#.### #....#
#.#.##...#.#.#.. . #....#
#.#.##.....#.#.# ... #....#
#.#.########.#.# ....######....#
#....†..<..#.#.#
.........$....#####†######.#.#.#
........(....(F@..#........#.#.#
###.......###.###.##########.#.#
#.#...### #.#..............#.# #
#.[.#####.################.#
.....+................ #.#
#.....###.####......... #.#
##.###.... #......... #.# #.
#.... #.††...... #.# #....
#......... #.#


You could see a bullfrog.

Vanquished Creatures
  An ooze (D:1)
  2 dart slugs (D:1)
  2 leopard geckos (D:2)
  2 ball pythons
  2 giant cockroaches (D:1)
  A hobgoblin (D:1)
  3 kobolds (D:1)
  5 bats (D:1)
  4 frilled lizards
  8 rats
30 creatures vanquished.

Notes
Turn   | Place    | Note
-------+----------+-------------------------------------------
     0 | D:1      | HAL9000 the Vine Stalker Assassin began the quest for the
                  | Orb.
     0 | D:1      | Reached XP level 1. HP: 11/11 MP: 2/2
    51 | D:1      | Reached XP level 2. HP: 15/15 MP: 3/3
   523 | D:1      | Reached XP level 3. HP: 15/18 MP: 4/4
   890 | D:2      | Noticed a bullfrog
   905 | D:2      | Slain by a bullfrog

Levels and vault maps discovered:
D:1:      dpeg_arrival_round_c, layout_rooms, minmay_nonomino_d4
D:2:      layout_basic, st_stairs_14

Skill      XL: |  1  2 |
---------------+-------+-----
Short Blades   | 2 3 |  3.3
Fighting       | |  1.7
Throwing       | |  1.7
Dodging        | |  0.7
Stealth        | |  4.8

Action                   || total
-------------------------++-------
Melee: Dagger            ||    72
       Bite              ||    10
Throw: Dart              ||     2
 Stab: Sleeping          ||     8
Armor: Robe              ||    25
Dodge: Dodged            ||    44
Block: Buckler           ||     3

Table legend:
 A = Non-vault XP
 B = Vault XP
 C = Vault XP percentage of total XP
 D = Non-vault monster count
 E = Vault monster count
 F = Vault count percentage of total count
                 A         B        C        D         E       F
            +---------+---------+-------+---------+---------+-------
      Total |      46 |       7 |  13.2 |      26 |       4 |  13.3
            +---------+---------+-------+---------+---------+-------
        D:1 |      36 |       7 |  16.3 |      20 |       4 |  16.7
        D:2 |      10 |       0 |   0.0 |       6 |       0 |   0.0
            +---------+---------+-------+---------+---------+-------
